 Dungeon Crawl Stone Soup version 0.13-a0-3016-gcb2faac (webtiles) character file.

145 Sachiko the Charmwright (level 2, -1/23 HPs)
             Began as a Lava Orc Skald on Sept 10, 2013.
             Killed from afar by Sigmund (3 damage)
             ... with a puff of flame
             ... on Level 2 of the Dungeon.
             The game lasted 00:07:08 (639 turns).

Sachiko the Charmwright (Lava Orc Skald)             Turns: 639, Time: 00:07:09

HP  -1/23        AC  5     Str 14      XL: 2   Next: 89%
MP   1/4         EV 10     Int 12      God:
Gold 119         SH  0     Dex 10      Spells:  1 memorised,  3 levels left

Res.Fire  : + . .   See Invis. : .   a - +1,+0 orc falchion
Res.Cold  : . . .   Warding    : .   b - +0 orc leather armour (curse)
Life Prot.: . . .   Conserve   : .   (no shield)
Res.Poison: .       Res.Corr.  : +   (no helmet)
Res.Elec. : .       Clarity    : .   (no cloak)
Sust.Abil.: . .     Spirit.Shd : .   (no gloves)
Res.Mut.  : .       Stasis     : .   (no boots)
Res.Rott. : .       Flight     : .   f - amulet of resist corrosion {unknown}
Saprovore : + . .                    (no ring)
                                     (no ring)

@: slow, not resistant to hostile enchantments, very unstealthy
A: conserve scrolls, saprovore 1
a: no special abilities


You were on level 2 of the Dungeon.
You were not hungry.

You visited 1 branch of the dungeon, and saw 2 of its levels.

You collected 99 gold pieces.

Inventory:

Hand weapons
 a - a +1,+0 orcish falchion (weapon)
Armour
 b - a cursed +0 orcish leather armour (worn)
Comestibles
 d - a meat ration
 g - a cheese
 h - a bread ration
 i - an apple
 j - a chunk of adder flesh
 k - a choko
Scrolls
 e - 2 scrolls of enchant weapon I
 l - a scroll of identify {unknown}
Jewellery
 f - an amulet of resist corrosion (around neck) {unknown}
Books
 c - a book of Battle

   Spells                             Type                      Level
   *Infusion                          Charms                       1
   Shroud of Golubria                 Charms/Translocation         2
   Song of Slaying                    Charms                       2
   Spectral Weapon                    Hexes/Charms                 3
   Regeneration                       Charms/Necromancy            3
   Song of Shielding                  Charms                       4


   Skills:
 - Level 2.4 Fighting
 + Level 2.5 Long Blades
 + Level 1.3 Armour
 - Level 0.7 Dodging
 + Level 1.7 Spellcasting
 + Level 3.3 Charms


You had 3 spell levels left.
You knew the following spells:

 Your Spells              Type           Power        Failure   Level  Hunger
a - Infusion              Chrm           #.....       10%         1    ##.....


Dungeon Overview and Level Annotations

Branches:
Dungeon (2/27)

Altars:

Annotations:
D:2 Sigmund


Innate Abilities, Weirdness & Mutations

You have stony skin.
You cover ground slowly.
Your flesh is heat resistant.
Your flesh is vulnerable to cold.
Your heat harms attackers.
You bathe your surroundings in blazing heat.
You are too hot to use scrolls.
You are very good at protecting items from fire.
You can tolerate rotten meat.


Message History

Your movements quicken.
Sigmund hits you with a scythe.
Your leather armour prevents you from hitting Sigmund.
Sigmund is lightly wounded.
Sigmund gestures wildly while chanting.
Sigmund flickers and vanishes!
Deactivating autopickup; reactivate with Ctrl-A.
You hit it! It hits you but does no damage.
You barely miss it. It hits you.
* * * LOW HITPOINT WARNING * * *
You miss it.
You are feeling less magically infused.
It hits you.
* * * LOW HITPOINT WARNING * * *
You closely miss it.
Your movements slow.
You closely miss it.
You hear some strange, mumbled words.
The puff of flame hits you! You resist.
You die...

...# w$# #.# .#
#.# ...# ### #.#
.# . #'## #.# @#
#.# ..# .# #.# ..#
# .# #.# ##..# .#
#.###....## ###{#
...##.#...# #...#
..#.#.#...# #@###
.#.##.#...# #.#
#.###....#######.#
##...............#
...............###
..........###..#
.#.##....## #.<#
.#.##.##.# #..#
.#.##.##.# #..#


There were no monsters in sight!

Vanquished Creatures
  An adder (D:2)
  A giant gecko (D:1)
  An ooze (D:1)
  A goblin (D:1)
  2 bats
  5 giant newts
  5 kobolds
  2 rats (D:1)
18 creatures vanquished.

Notes
Turn   | Place    | Note
--------------------------------------------------------------
     0 | D:1      | Sachiko, the Lava Orc Skald, began the quest for the Orb.
     0 | D:1      | Reached XP level 1. HP: 16/16 MP: 3/3
   173 | D:1      | Reached skill level 3 in Charms
   219 | D:1      | Reached XP level 2. HP: 20/23 MP: 4/4
   624 | D:2      | Noticed Sigmund
   639 | D:2      | Killed from afar by Sigmund

Action                   || total
-------------------------++-------
Melee: Falchion          ||    62
 Cast: Infusion          ||     2
  Use: Scroll            ||     4
